Map: Bel'Shir Vestige LE (Void)

Players

TLO - Winner!

  • Race: Zerg Zerg
  • Spawn Location: 11:00

Bistork

  • Race: Protoss Protoss
  • Spawn Location: 5:00

Event: WCS Austin 2017

VOD

Have the link to the VOD?

Description

Time

  • Played on: April 28, 2017, 9 p.m.
  • Length: 10:45

All games in this series

Show
View Real Time Build Order
Export as new Build Order

TLO Zerg - Winner!

Build Orders: Pool First 

Get SALT Encoding   

  12  0:00  Drone  
  13  0:22  Spawning Pool  
  13  0:25  Drone  
  13  0:28  Drone  
  14  0:37  Overlord  
  14  1:08  Zergling x6  
  17  1:19  Zergling x2  
  17  1:23  Hatchery  
  17  1:28  Queen  
  17  1:31  Drone  
  20  1:35  Extractor  
  19  1:42  Drone  
  20  1:52  Overlord  
  20  2:04  Drone  
  21  2:10  Queen  
  23  2:18  Drone  
  23  2:27  Overlord  
  23  2:35  Drone x2  
  27  2:37  Metabolic Boost  
  27  2:40  Drone  
  27  2:43  Drone  
  27  2:45  Drone  
  27  2:50  Drone  
  29  2:53  Drone  
  29  2:59  Zergling x4  
  31  3:07  Drone  
  31  3:09  Drone  
  31  3:20  Zergling x4, Evolution Chamber  
  31  3:24  Drone  
  31  3:25  Drone x2  
  35  3:27  Drone  
  35  3:30  Drone  
  35  3:32  Drone  
  38  3:36  Overlord  
  38  3:40  Zergling x2  
  39  3:44  Zergling x2  
  39  3:45  Zergling x2  
  41  3:49  Zerg Melee Weapons Level 1  
  41  3:52  Zergling x2  
  42  3:56  Zergling x2  
  42  3:57  Drone x2  
  42  4:02  Drone  
  45  4:08  Drone x2, Zergling x2  
  45  4:09  Drone  
  49  4:10  Zergling x2  
  49  4:16  Drone  
  48  4:22  Zergling x2  
  49  4:26  Overlord  
  49  4:30  Overlord  
  49  4:32  Overlord, Baneling Nest  
  49  4:33  Drone  
  49  4:35  Overlord  
  49  4:39  Zergling x2  
  49  4:40  Drone  
  49  4:41  Drone  
  49  4:44  Zergling x2  
  51  4:48  Drone  
  50  4:53  Zergling x4, Overlord  
  52  5:05  Drone, Spore Crawler  
  52  5:07  Drone  
  52  5:11  Hatchery  
  52  5:13  Drone  
  52  5:14  Drone x2  
  54  5:15  Drone x2  
  56  5:21  Drone  
  56  5:23  Overlord  
  56  5:24  Overlord  
  56  5:28  Zergling x2  
  56  5:29  Zergling x2  
  56  5:30  Zergling x2  
  56  5:33  Lair  
  57  5:35  Extractor  
  57  5:36  Zergling x2  
  57  5:40  Zergling x4  
  59  5:43  Zergling x2  
  59  5:44  Drone  
  59  5:48  Zergling x2  
  59  5:49  Queen  
  64  5:51  Zergling x2  
  65  5:58  Zergling x2  
  65  6:02  Zergling x2  
  67  6:06  Extractor x2, Baneling x2  
  67  6:07  Drone x2, Baneling x2  
  67  6:09  Drone  
  67  6:11  Drone  
  69  6:12  Drone x2  
  69  6:14  Drone  
  69  6:17  Drone  
  73  6:23  Drone  
  73  6:24  Queen  
  73  6:25  Drone x2  
  78  6:33  Hydralisk Den  
  78  6:36  Pneumatized Carapace  
  78  6:37  Baneling x2  
  78  6:38  Zergling x6  
  79  6:40  Baneling, Spine Crawler  
  79  6:45  Baneling x2  
  79  6:46  Zergling x8  
  82  6:50  Overlord  
  82  6:51  Zergling x2  
  83  6:55  Zergling x2  
  83  6:56  Zergling x2, Baneling x4  
  83  6:58  Zergling x2  
  83  6:59  Baneling  
  83  7:00  Zergling x2, Baneling  
  87  7:03  Zergling x4  
  87  7:07  Overlord, Baneling x3  
  88  7:09  Zergling x2  
  88  7:11  Zergling x2, Baneling  
  88  7:12  Zergling x2  
  87  7:25  Zergling x2  
  76  7:30  Zergling x2  
  76  7:31  Zergling x4  
  76  7:34  Zergling x14  
  80  7:42  Queen  
  80  7:43  Zergling x2  
  77  7:44  Zergling x2  
  77  7:47  Muscular Augments, Hydralisk  
  78  7:53  Hydralisk  
  78  7:55  Hydralisk  
  82  7:59  Hydralisk x2  
  82  8:01  Hydralisk  
  82  8:04  Spore Crawler  
  87  8:05  Hydralisk  
  87  8:06  Hydralisk  
  87  8:09  Hydralisk  
  93  8:14  Drone  
  93  8:17  Drone  
  95  8:21  Drone x2  
  95  8:22  Baneling x4  
  95  8:23  Hydralisk  
  95  8:26  Drone  
  100  8:30  Hydralisk  
  102  8:35  Overlord x3  
  102  8:37  Extractor x2  
  100  8:43  Drone  
  100  8:44  Drone x2, Overlord  
  103  8:50  Hydralisk  
  103  8:53  Overlord, Spore Crawler  
  105  8:55  Zergling x4  
  105  8:58  Zergling x2  
  105  8:59  Zergling x2  
  105  9:00  Zergling x2  
  105  9:01  Zergling x4  
  105  9:02  Zergling x2  
  108  9:05  Hydralisk x2  
  108  9:11  Baneling  
  108  9:12  Baneling x4  
  108  9:13  Zergling x6  
  108  9:14  Drone  
  108  9:16  Drone  
  108  9:17  Zergling x2  
  114  9:22  Zergling x2  
  114  9:23  Zergling x4  
  117  9:25  Zergling x4  
  117  9:26  Zergling x2  
  117  9:28  Drone  
  121  9:33  Baneling x10  
  121  9:35  Zergling x2  
  121  9:36  Zergling x2  
  121  9:37  Zergling x2  
  124  9:39  Drone  
  124  9:44  Baneling  
  124  9:45  Hydralisk, Baneling x4  
  127  10:01  Hydralisk x6  
  139  10:12  Drone  
  140  10:17  Hydralisk x2  
  143  10:23  Overlord  
  143  10:24  Overlord  
  145  10:29  Baneling  
  145  10:33  Hatchery  
Show
View Real Time Build Order
Export as new Build Order

Bistork Protoss 

Build Orders:  

Get SALT Encoding   

  12  0:01  Probe (Chrono Boost)  
  13  0:11  Probe (Chrono Boost)  
  14  0:20  Pylon  
  14  0:22  Probe (Chrono Boost)  
  15  0:38  Probe (Chrono Boost)  
  15  0:40  Gateway  
  16  0:49  Probe (Chrono Boost)  
  17  0:50  Assimilator  
  17  0:59  Probe (Chrono Boost)  
  18  1:10  Probe (Chrono Boost)  
  19  1:12  Pylon  
  19  1:21  Probe (Chrono Boost)  
  19  1:25  Zealot  
  20  1:28  Cybernetics Core  
  23  1:33  Probe (Chrono Boost)  
  23  1:34  Gateway  
  25  1:55  Pylon  
  25  1:57  Probe (Chrono Boost)  
  26  2:10  Mothership Core (Chrono Boost)  
  26  2:11  Adept  
  28  2:20  Pylon  
  27  2:35  Probe (Chrono Boost)  
  28  2:37  Cybernetics Core  
  28  2:47  Probe (Chrono Boost)  
  29  2:53  Nexus  
  30  2:59  Probe (Chrono Boost)  
  30  3:01  Gateway  
  30  3:12  Warp Gate  
  30  3:17  Robotics Facility  
  30  3:21  Assimilator  
  30  3:23  Probe (Chrono Boost)  
  31  3:30  Adept x2  
  35  3:38  Probe (Chrono Boost)  
  36  3:51  Probe (Chrono Boost)  
  37  3:56  Pylon  
  38  4:03  Probe (Chrono Boost)  
  38  4:08  Gateway, Adept x2  
  37  4:13  Probe (Chrono Boost)  
  40  4:18  Pylon x2  
  41  4:24  Probe (Chrono Boost)  
  41  4:29  Pylon  
  42  4:33  Probe (Chrono Boost)  
  42  4:37  Probe (Chrono Boost)  
  43  4:46  Probe (Chrono Boost)  
  43  4:49  Immortal  
  46  4:55  Probe (Chrono Boost)  
  47  5:02  Probe (Chrono Boost)  
  48  5:07  Gateway  
  48  5:10  Probe (Chrono Boost)  
  48  5:13  Probe (Chrono Boost)  
  50  5:16  Stalker  
  50  5:17  Stalker  
  55  5:22  Probe (Chrono Boost)  
  55  5:26  Probe (Chrono Boost), Gateway  
  56  5:30  Immortal  
  60  5:39  Sentry  
  60  5:40  Sentry  
  64  5:54  Gateway  
  64  5:55  Gateway  
  64  5:57  Gateway  
  64  6:00  Gateway  
  64  6:06  Sentry  
  64  6:07  Warp Prism  
  64  6:09  Pylon  
  66  6:12  Sentry  
  66  6:15  Assimilator  
  66  6:17  Assimilator  
  70  6:19  Probe (Chrono Boost)  
  70  6:21  Probe (Chrono Boost)  
  72  6:26  Pylon  
  72  6:34  Adept x3  
  78  6:42  Pylon  
  78  6:44  Probe (Chrono Boost), Sentry  
  78  6:46  Probe (Chrono Boost)  
  82  7:04  Adept x5  
  82  7:06  Sentry  
  94  7:09  Pylon  
  80  7:25  Adept x4  
  80  7:27  Adept  
  66  7:43  Warp Prism  
  46  7:49  Probe (Chrono Boost)  
  46  7:50  Probe (Chrono Boost)  
  47  7:57  Sentry x4  
  55  8:02  Probe (Chrono Boost)  
  56  8:06  Sentry  
  58  8:14  Immortal  
  58  8:17  Adept  
  58  8:18  Adept x2  
  68  8:30  Sentry  
  70  8:48  Immortal  
  70  8:52  Adept x7  
  68  9:23  Twilight Council  
  68  9:30  Nexus  
  68  9:33  Pylon  
  68  9:35  Pylon  
  68  9:39  Sentry x4  
  76  9:47  Probe (Chrono Boost)  
  76  9:49  Probe (Chrono Boost)  
  76  9:50  Adept x4  
  86  9:56  Pylon  
  87  10:01  Probe (Chrono Boost)  
  87  10:05  Probe (Chrono Boost)  
  88  10:11  Pylon  
  88  10:13  Pylon  
  89  10:15  Observer, Probe (Chrono Boost)  
  90  10:21  Probe (Chrono Boost)  
  90  10:24  Pylon  
  92  10:28  Probe (Chrono Boost)  
  92  10:33  Probe (Chrono Boost)  
  92  10:34  Forge  
  93  10:37  Adept x2  
Tags
 
Add a new tag
Caveats
  • Supply blocks, unpowered buildings, or Contaminate may cause inaccurate times.
  • Supply counts are checked every 10 seconds.